 Dungeon Crawl Stone Soup version 0.30-b1-5-g8e6c1be481 (webtiles) character file.

Game seed: 3621925718484356065

987 javelincjr the Magician (level 8, -3/56 HPs)
             Began as a Djinni Ice Elementalist on May 3, 2023.
             Was an Initiate of Qazlal.
             Slain by an orc warrior
             ... wielding a +0 scimitar
              (7 damage)
             ... in the Ecumenical Temple.
             The game lasted 00:18:49 (3935 turns).

javelincjr the Magician (Djinni Ice Elementalist)   Turns: 3935, Time: 00:18:49

Health: -3/56      AC: 14    Str:  9    XL:     8   Next: 41%
Gold:   941        EV:  4    Int: 27    God:    Qazlal [......] SH:  3 Dex: 15

rFire   + + .        B - +4 dagger (elec)
rCold   . . .        D - +0 buckler
rNeg    . . .        y - +0 shadow dragon scales of Rulamn {rElec rC+ Int+4 Dex-5 Stlth++++}
rPois   ∞            (no helmet)
rElec   +            (no cloak)
rCorr   .            x - +1 pair of gloves
SInv    .            (boots unavailable)
Will    .....        (no amulet)
Stlth   +++          h - +6 ring of dexterity
HPRegen 0.29/turn    i - +6 ring of intelligence
MPRegen 0.00/turn

%: infuse magic (-4 HP)
@: flying, studying Stealth
A: sickness immunity, fire resistance 2, cold vulnerability 1, float, innate
caster, HP casting, extra vitality 1
a: Renounce Religion


You were in the Ecumenical Temple.
You worshipped Qazlal.
Qazlal was noncommittal.
You visited 2 branches of the dungeon, and saw 6 of its levels.

You collected 941 gold pieces.

Inventory:

Hand Weapons
 c - a +0 short sword
 B - a +4 dagger of electrocution (weapon)
Missiles
 j - 2 silver boomerangs
Armour
 a - a +0 robe
 r - a +2 ring mail of willpower
 x - a +1 pair of gloves (worn)
 y - the +0 shadow dragon scales of Rulamn (worn) {rElec rC+ Int+4 Dex-5 Stlth++++}
   (You acquired it in the Ecumenical Temple)

   Int:       It affects your intelligence (+4).
   Dex:       It affects your dexterity (-5).
   rC:        It protects you from cold.
   rElec:     It insulates you from electricity.
   Stlth:     It makes you much more stealthy.
 D - a +0 buckler (worn)
Magical Staves
 g - a staff of conjuration
Jewellery
 h - a +6 ring of dexterity (left hand)
 i - a +6 ring of intelligence (right hand)
 w - a +4 ring of protection
Wands
 v - a wand of iceblast (7)
 A - a wand of polymorph (5)
 C - a wand of light (10)
Scrolls
 b - a scroll of poison {unknown}
 d - 4 scrolls of teleportation
 e - a scroll of enchant weapon {unknown}
 k - a scroll of fear {unknown}
 n - a scroll of brand weapon {unknown}
 o - a scroll of identify {unknown}
 s - 2 scrolls of butterflies {unknown}
Potions
 f - a potion of heal wounds {unknown}
 l - a potion of degeneration {unknown}
 m - a potion of might {unknown}
 p - a potion of berserk rage {unknown}
 q - a potion of curing {unknown}
 t - a potion of mutation {unknown}
 u - 2 potions of invisibility {unknown}
 z - a potion of attraction {unknown}


   Skills:
 * Level 3.5 Fighting
 + Level 0.5 Short Blades
 * Level 3.1 Armour
 + Level 2.6 Dodging
 - Level 2.0 Stealth
 + Level 6.5 Spellcasting


You knew the following spells:

 Your Spells              Type           Power      Damage    Failure   Level
a - Freeze                Ice            100%       1d10      52%         1
b - Frozen Ramparts       Ice            88%        1d14      88%         3
c - Ozocubu's Armour      Ice            44%        N/A       88%         3
d - Summon Ice Beast      Ice/Summ       44%        N/A       99%         4
e - Foxfire               Conj/Fire      100%       2x1d9     52%         1
f - Blink                 Tloc           88%        N/A       67%         2
g - Static Discharge      Conj/Air       88%        2-6/arc   67%         2
Your spell library was empty.

Dungeon Overview and Level Annotations

Branches:
Dungeon (5/15)             Temple (1/1) D:5

Altars:
Ashenzari
Cheibriados
Dithmenos
Elyvilon
Gozag
Hepliaklqana
Makhleb
Nemelex Xobeh
Okawaru
Qazlal
Ru
Trog
Uskayaw
Wu Jian
Yredelemnul
Zin
The Shining One


Innate Abilities, Weirdness & Mutations

You are immune to sickness and miasma.
You are immune to poison.
Your flesh is very heat resistant. (rF++)
You are vulnerable to cold. (rC-)
You float through the air rather than walking.
You learn spells naturally, not from books.
Your magical power is your life essence.
You have superior vitality. (+4 MHP)


Message History

The orc warrior hits you with a +0 scimitar!
You hit the orc warrior.
Lightning courses through the orc warrior!
The orc warrior is heavily wounded.
The orc warrior hits you but does no damage.
You hit the orc warrior but do no damage.
The orc warrior is heavily wounded.
You block the orc warrior's attack.
You hit the orc warrior but do no damage.
The orc warrior is heavily wounded.
The orc warrior hits you but does no damage.
You hit the orc warrior but do no damage.
The orc warrior is heavily wounded.
The orc warrior hits you but does no damage.
You hit the orc warrior but do no damage.
The orc warrior is heavily wounded.
The orc warrior hits you with a +0 scimitar.
An orc comes into view. It is wielding a +0 dagger.
The orc shouts!
You hit the orc warrior.
The orc warrior is severely wounded.
The orc throws a boomerang.
The boomerang hits you but does no damage.
The orc warrior hits you with a +0 scimitar.
* * * LOW HITPOINT WARNING * * *
You block the orc warrior's attack.
You fly downwards.
Welcome back to the Ecumenical Temple!
There is a staircase back to the Dungeon here.
You hit the orc warrior.
The orc warrior is almost dead.
The orc warrior hits you with a +0 scimitar.
* * * LOW HITPOINT WARNING * * *
You barely miss the orc warrior.
The orc warrior is almost dead.
The orc warrior hits you with a +0 scimitar!
* * * LOW HITPOINT WARNING * * *
You hit the orc warrior but do no damage.
The orc warrior is almost dead.
The orc warrior hits you with a +0 scimitar!
You die...

#_...#..§§§§..§#..._#
##...##§§§§§§§##...##
#_...##..§§§##..._#
##....#######....##
#...............#
##_..........._##
##...........##
##_...o..._##
####.@.#### #####


You could see an orc warrior.

Vanquished Creatures
  Sigmund (D:5)
  A phantom (D:5)
  2 howler monkeys
  A gnoll bouda (D:5)
  4 orc priests
  An iguana (D:4)
  2 sleepcaps (D:4)
  2 orc wizards (D:4)
  3 gnolls (D:5)
  12 adders
  A white imp (D:4)
  12 orcs
  2 bats (D:1)
  8 endoplasms
  3 giant cockroaches
  3 goblins
  12 hobgoblins
  2 quokkas
  11 ball pythons
  3 frilled lizards
  8 kobolds
  6 rats
100 creatures vanquished.

Vanquished Creatures (collateral kills)
  A black bear (D:4)
  A scorpion (D:5)
  Ijyb (D:4)
  A gnoll (D:5)
4 creatures vanquished.

Vanquished Creatures (others)
  264 foxfires
264 creatures vanquished.

Grand Total: 368 creatures vanquished

Notes
Turn   | Place    | Note
-------+----------+-------------------------------------------
     0 | D:1      | javelincjr the Djinni Ice Elementalist began the quest for
                  | the Orb.
     0 | D:1      | javelincjr set off with the following spells memorised:
                  | Freeze, Frozen Ramparts, Ozocubu's Armour, Summon Ice
                  | Beast.
     0 | D:1      | Reached XP level 1. HP: 15/15 MP: 0/0
    83 | D:1      | Reached XP level 2. HP: 19/21 MP: 0/0
   380 | D:1      | Reached XP level 3. HP: 14/25 MP: 0/0
   380 | D:1      | Learned a level 1 spell: Foxfire
  1110 | D:2      | Reached skill level 1 in Fighting
  1110 | D:2      | Reached skill level 4 in Spellcasting
  1176 | D:2      | Reached XP level 4. HP: 30/32 MP: 0/0
  1590 | D:3      | Reached XP level 5. HP: 33/37 MP: 0/0
  1590 | D:3      | Learned a level 2 spell: Blink
  2104 | D:3      | Found a broken altar of Ashenzari.
  2161 | D:4      | Noticed a black bear
  2291 | D:4      | Reached XP level 6. HP: 38/43 MP: 0/0
  2333 | D:4      | Reached skill level 5 in Spellcasting
  2417 | D:4      | Reached skill level 1 in Armour
  2611 | D:4      | Reached XP level 7. HP: 46/49 MP: 0/0
  2611 | D:4      | Learned a level 2 spell: Static Discharge
  3169 | D:4      | Noticed Ijyb
  3179 | D:4      | Killed Ijyb
  3568 | D:5      | Entered Level 5 of the Dungeon
  3602 | D:5      | Reached skill level 6 in Spellcasting
  3620 | D:5      | Reached XP level 8. HP: 52/56 MP: 0/0
  3640 | D:5      | Found a staircase to the Ecumenical Temple.
  3644 | D:5      | Noticed Sigmund
  3651 | D:5      | Killed Sigmund
  3679 | Temple   | Entered the Ecumenical Temple
  3870 | Temple   | Became a worshipper of Qazlal Stormbringer
  3880 | Temple   | Identified 2 scrolls of acquirement
  3880 | Temple   | Acquired 759 gold pieces
  3881 | Temple   | Acquired the +0 shadow dragon scales of Rulamn {rElec rC+
                  | Int+4 Dex-5 Stlth++++}
  3935 | Temple   | Slain by an orc warrior

Illustrated notes

Levels and vault maps discovered:
D:1:      psy_arrival_fountain, layout_rooms
D:2:      layout_basic
D:3:      layout_rooms, cheibrodos_ashenzari_chains
D:4:      layout_layer_cave, uniq_ijyb
D:5:      layout_gridville, minmay_temple_entry_junction, grunt_ministairs_13,
          uniq_sigmund
Temple:   hellmonk_temple_of_storms

Skill      XL: |  1  2  3  4  5  6  7  8 |
---------------+-------------------------+-----
Fighting       | 1 2 3 |  3.5
Spellcasting   | 4 5 6 |  6.5
Stealth        | 2 |  2.0
Armour         | 1 2 3 |  3.1
Short Blades   | |  0.5
Dodging        | |  2.6

Action                     |  1- 3 |  4- 6 |  7- 9 || total
---------------------------+-------+-------+-------++-------
  Melee: Staff             |     4 |     7 |       ||    11
         Dagger            |       |       |    23 ||    23
   Cast: Freeze            |    45 |    18 |    10 ||    73
         Foxfire           |     8 |    86 |    54 ||   148
         Ozocubu's Armour  |       |     1 |       ||     1
         Summon Ice Beast  |       |       |     4 ||     4
         Blink             |       |       |     1 ||     1
         Frozen Ramparts   |       |       |     1 ||     1
    Use: Potion            |       |     1 |       ||     1
         Scroll            |       |       |     3 ||     3
   Stab: Sleeping          |       |       |     1 ||     1
 Armour: Robe              |     6 |     4 |     2 ||    12
         Shadow dragon sca |       |       |     9 ||     9
  Dodge: Dodged            |    26 |    20 |    12 ||    58
  Block: Buckler           |       |       |     4 ||     4
